 Dungeon Crawl Stone Soup version 0.31-a0-222-gefeffbb62a (webtiles) character file.

Game seed: 11290384002043027977

140 protoss039 the Digger (level 5, 38/38 HPs)
             Began as a Demonspawn Earth Elementalist on July 5, 2023.
             Got out of the dungeon alive.
             The game lasted 00:03:27 (2391 turns).

protoss039 the Digger (DsEE)                        Turns: 2391, Time: 00:03:27

Health: 38/38      AC:  3    Str:  8    XL:     5   Next: 2%
Magic:  9/9        EV: 15    Int: 18    God:
Gold:   219        SH:  0    Dex: 14    Spells: 3/9 levels left

rFire   . . .        h - +0 spear
rCold   . . .        (no shield)
rNeg    . . .        a - +0 robe
rPois   .            (no helmet)
rElec   .            (no cloak)
rCorr   .            (no gloves)
SInv    .            i - +0 pair of boots
Will    .....        (no amulet)
Stlth   ++           (no ring)
HPRegen 0.26/turn    (no ring)
MPRegen 0.11/turn

%: no passive effects
@: no status effects
A: repulsion field 2, demonic guardian 1
a: no special abilities


You escaped.
You visited 1 branch of the dungeon, and saw 3 of its levels.

You collected 219 gold pieces.

Inventory:

Hand Weapons
 h - a +0 spear (weapon)
Missiles
 e - 5 poisoned darts
Armour
 a - a +0 robe (worn)
 i - a +0 pair of boots (worn)
Scrolls
 c - a scroll of identify {unknown}
 d - a scroll of teleportation {unknown}
 f - a scroll of amnesia {unknown}
 g - a scroll of blinking {unknown}
 m - a scroll of poison {unknown}
 o - 2 scrolls of fog {unknown}
 q - a scroll of revelation {unknown}
Potions
 b - 2 potions of magic
 j - 2 potions of brilliance {unknown}
 k - 3 potions of enlightenment {unknown}
 l - a potion of attraction {unknown}
 n - 2 potions of berserk rage {unknown}
 p - 2 potions of might {unknown}
 r - a potion of mutation {unknown}


   Skills:
 + Level 1.9 Fighting
 - Level 1.7 Dodging
 - Level 1.7 Stealth
 + Level 2.8 Spellcasting
 + Level 1.2 Conjurations
 * Level 2.2 Transmutations
 + Level 3.3 Earth Magic


You had 3 spell levels left.
You knew the following spells:

 Your Spells              Type           Power      Damage    Failure   Level
a - Sandblast             Erth           28%        2d8       4%          1
b - Passwall              Tmut/Erth      10%        N/A       8%          2
c - Stone Arrow           Conj/Erth      20%        3d8       19%         3

Your spell library contained the following spells:

 Spells                   Type           Power      Damage    Failure   Level
 Sting                    Tmut/Pois      24%        1d4       11%         1
 Blink                    Tloc           4%         N/A       26%         2
 Poisonous Vapours        Pois/Air       4%         N/A       26%         2
 Petrify                  Tmut/Erth      12%        N/A       45%         4
 Manifold Assault         Tloc           2%         N/A       86%         4
 Olgreb's Toxic Radiance  Pois           2%         N/A       86%         4
 Storm Form               Tmut/Air       3%         N/A       100%        7


Dungeon Overview and Level Annotations

Branches:
Dungeon (3/15) Zot: 15574

Altars:

Shops:
D:2 [   D:3 :


Innate Abilities, Weirdness & Mutations

You are surrounded by a moderate repulsion field. (EV +3)
A weak demonic guardian rushes to your aid.


Message History

You feel the presence of a demonic guardian.
Casting: Sandblast (safe; 4% risk of failure)
Confirm with . or Enter, or press ? or * to list all spells.
Aiming: Sandblast (safe; 4% risk of failure)
Press: ? - help, Shift-Dir - straight line, f - orc
Aim: an orc, wielding a +0 dagger and wearing a +0 chain mail (87% to hit)
The blast of sand hits the orc but does no damage.
The orc closely misses you. The orc hits you with a +0 dagger.
Unknown command.
Casting: Sandblast (safe; 4% risk of failure)
Confirm with . or Enter, or press ? or * to list all spells.
Aiming: Sandblast (safe; 4% risk of failure)
Press: ? - help, Shift-Dir - straight line, f/p - orc
Aim: an orc, wielding a +0 dagger and wearing a +0 chain mail (87% to hit)
The blast of sand hits the orc!
You kill the orc!
Unknown command.
Unknown command.
Unknown command.
(D) Dungeon
Where to? (Enter - D:2 @ (x,y), ? - help)
What level of the Dungeon? (default 1, ? - help)
Your magical contamination has completely faded away.
Things that are here:
a +0 dagger; a kobold corpse
Things that are here:
a +0 mace; a +0 chain mail An endoplasm comes into view.
There is a stone staircase leading up here.
You climb upwards.
There is a stone staircase leading down here.
There is an escape hatch in the ceiling here.
A mysterious force pulls you upwards. The hatch slams shut behind you.
There is an open door here.
There is an open door here.
There is a dry fountain here.
There is a fountain of clear blue water here.
There is a staircase leading out of the dungeon here.
Are you sure you want to leave the Dungeon?
This will make you lose the game!
You have escaped!

.....................##.#.##.....
.....................##.#..+.....
##......##..##....#####.####.....
##..........#.......###+#........
##........#.#....................
##........#.#.......#............
##............#####.+........>...
........#######.>.###............
........# ##..@..######........
......### ##.......## #........
......# ##..⌠...⌠..## #........
......# ##...........###........
......# ##.⌠....⌠....⌠.##......).
.....####...............####.....
.....###..⌠...⌠..(⌠...⌠..###..#..
.....##...................##.....
.....#......⌠.......⌠......#.....


There were no monsters in sight!

Vanquished Creatures
  An orc priest (D:3)
  Terence (D:3)
  Jessica (D:3)
  A worm (D:2)
  3 dart slugs (D:1)
  6 orcs (D:3)
  2 endoplasms
  A giant cockroach (D:2)
  5 goblins
  6 hobgoblins
  2 ball pythons (D:3)
  5 bats
  A frilled lizard (D:1)
  2 kobolds (D:3)
  6 rats
43 creatures vanquished.

Notes
Turn   | Place    | Note
-------+----------+-------------------------------------------
     0 | D:1      | protoss039 the Demonspawn Earth Elementalist began the
                  | quest for the Orb.
     0 | D:1      | Reached XP level 1. HP: 13/13 MP: 3/3
   311 | D:1      | Gained mutation: You are surrounded by a mild repulsion
                  | field. (EV +2) [demonic ancestry]
   311 | D:1      | Reached XP level 2. HP: 16/20 MP: 3/5
   438 | D:1      | Reached skill level 1 in Fighting
   697 | D:1      | Reached skill level 3 in Earth Magic
  1074 | D:1      | Learned a level 2 spell: Passwall
  1149 | D:2      | Reached skill level 1 in Transmutations
  1209 | D:2      | Gained mutation: You are surrounded by a moderate repulsion
                  | field. (EV +3) [demonic ancestry]
  1209 | D:2      | Reached XP level 3. HP: 21/26 MP: 1/6
  1350 | D:2      | Found Cont's Antique Armour Shop.
  1752 | D:2      | Learned a level 3 spell: Stone Arrow
  1780 | D:3      | Reached XP level 4. HP: 32/32 MP: 0/7
  1855 | D:3      | Found Ipnousan's Book Shop.
  1868 | D:3      | Noticed Terence
  1879 | D:3      | Killed Terence
  1940 | D:3      | Reached skill level 1 in Conjurations
  2096 | D:3      | Found a faded altar of an unknown god.
  2098 | D:3      | Noticed Jessica
  2103 | D:3      | Killed Jessica
  2223 | D:3      | Gained mutation: A weak demonic guardian rushes to your
                  | aid. [demonic ancestry]
  2223 | D:3      | Reached XP level 5. HP: 37/38 MP: 2/9
  2391 | D:$      | Got out of the dungeon alive.

Illustrated notes

Levels and vault maps discovered:
D:1:      dpeg_arrival_lava_temple_mockup, layout_basic
D:2:      layout_basic, serial_shops, shop, grunt_ministairs_2,
          hangedman_decor_growths
D:3:      layout_loops_ring, serial_shops, shop,
          shapermc_ecumenical_altar_starsandcircs, nicolae_underground_beach,
          uniq_jessica, uniq_terence

Skill      XL: |  1  2  3  4 |
---------------+-------------+-----
Fighting       | 1 |  1.9
Earth Magic    | 3 |  3.3
Transmutations | 1 2 |  2.2
Conjurations   | 1 |  1.2
Dodging        | |  1.7
Stealth        | |  1.7
Spellcasting   | |  2.8

Action                     |  1- 3 |  4- 6 || total
---------------------------+-------+-------++-------
  Melee: Club              |    16 |       ||    16
         Spear             |    47 |    10 ||    57
   Cast: Sandblast         |    29 |    20 ||    49
         Stone Arrow       |       |     2 ||     2
   Stab: Sleeping          |     5 |       ||     5
 Armour: Robe              |    10 |     2 ||    12
  Dodge: Dodged            |    62 |    15 ||    77

Table legend: (Time is in decaauts)
 A = Elapsed time spent in this place.
 B = Non-inter-level travel time spent in this place.
 C = Inter-level travel time spent in this place.
 D = Time resting spent in this place.
 E = Time spent auto-exploring this place.
 F = Levels seen in this place.
 G = Mean time per level.
                   A        B        C        D        E       F      G
               +--------+--------+--------+--------+--------+-----+--------+
         Total |   2425 |   2169 |    256 |     39 |   1793 |   3 |  808.3 |
       Dungeon |   2425 |   2169 |    256 |     39 |   1793 |   3 |  808.3 |
               +--------+--------+--------+--------+--------+-----+--------+

Top non-repeatable levels by time:
     D:1: 1137 daAuts
     D:2: 723 daAuts
     D:3: 564 daAuts
